 Dungeon Crawl Stone Soup version 0.25-a0-277-g7046ed1b37 (webtiles) character file.

Game seed: 14920341336100308184, levelgen mode: deterministic

163 Jerej03 the Chiller (level 5, -1/35 HPs)
             Began as a Demonspawn Ice Elementalist on Dec 9, 2019.
             Slain by Natasha (8 damage)
             ... on level 3 of the Dungeon.
             The game lasted 00:20:37 (2055 turns).

Jerej03 the Chiller (Demonspawn Ice Elementalist)   Turns: 2055, Time: 00:20:38

Health: -1/35      AC:  6    Str:  9    XL:     5   Next: 20%
Magic:  6/9        EV: 10    Int: 17    God:
Gold:   173        SH:  0    Dex: 13    Spells: 5/10 levels left

rFire    . . .     SeeInvis .   o - +0 war axe
rCold    + + .     Gourm    .   (no shield)
rNeg     . . .     Faith    .   g - +0 ring mail
rPois    .         Spirit   .   (helmet restricted)
rElec    .         Reflect  .   q - scarf {rC+ rF+}
rCorr    .         Harm     .   m - +0 pair of gloves
MR       .....                  (no boots)
Stlth    +.........             (no amulet)
HPRegen  0.11/turn              r - ring of ice
MPRegen  0.11/turn              (no ring)

@: no status effects
A: antennae 1, foul stench 1, rot immunity
a: no special abilities


You were on level 3 of the Dungeon.
You were not hungry.

You visited 1 branch of the dungeon, and saw 3 of its levels.

You collected 173 gold pieces.

Inventory:

Hand Weapons
 b - a +0 dagger
 e - a +0 short sword
 i - a +0 dagger
 o - a +0 war axe (weapon)
 u - a +0 hunting sling
Missiles
 f - 52 arrows
 j - 21 bolts
 p - 24 poisoned darts (quivered)
Armour
 a - a +0 robe
 g - a +0 ring mail (worn)
 m - a +0 pair of gloves (worn)
 q - a scarf of resistance (worn)
 s - a +0 ring mail
 t - a +0 ring mail
Jewellery
 k - an uncursed amulet of magic regeneration {unknown}
 r - a ring of ice (left hand)
Wands
 h - a wand of digging (4)
Scrolls
 n - a scroll of identify
Potions
 d - a potion of flight
 l - a potion of curing
 v - a potion of brilliance {unknown}
Comestibles
 c - 10 rations


   Skills:
 + Level 0.2 Fighting
 - Level 0.8 Short Blades
 * Level 0.7 Axes
 + Level 1.6 Armour
 + Level 2.1 Dodging
 + Level 1.8 Stealth
 + Level 3.0 Spellcasting
 + Level 4.5 Ice Magic


You had 5 spell levels left.
You knew the following spells:

 Your Spells              Type           Power        Failure   Level  Hunger
a - Freeze                Ice            ####         8%          1    None
b - Hailstorm             Conj/Ice       ###.....     88%         4    ####...

Your spell library contained the following spells:

 Spells                   Type           Power        Failure   Level  Hunger
 Ozocubu's Armour         Chrm/Ice       ###.....     50%         3    ###....
 Summon Ice Beast         Ice/Summ       ###.....     88%         4    ####...


Dungeon Overview and Level Annotations

Branches:
Dungeon (3/15)

Altars:
Wu Jian

Annotations:
D:3 Natasha


Innate Abilities, Weirdness & Mutations

You have a pair of small antennae on your head.
You may emit foul miasma when damaged in melee.
You are immune to rotting.


Message History

The crimson imp shouts, "Remove thy stench, thou dissembling milk-livered snake-molt!"
The crimson imp closely misses you.
The crimson imp blinks!
You miss the crimson imp.
The crimson imp is heavily wounded.
The crimson imp hits you.
* * * LOW HITPOINT WARNING * * *
Casting: Freeze (safe; 8% risk of failure)
Confirm with . or Enter, or press ? or * to list all spells.
Aiming: Freeze (safe; 8% risk of failure)
Press: ? - help, Shift-Dir - straight line, f/p - crimson imp
Aim: a crimson imp (heavily wounded, summoned)
You feel a surge of power!
You freeze the crimson imp.
The crimson imp is heavily wounded.
The crimson imp barely misses you. Something claws you but does no damage.
You hit the crimson imp but do no damage.
The crimson imp is heavily wounded.
You barely miss something. The crimson imp closely misses you.
Something claws you!
You die...

....#.#..................###.##.#
....#.#.####.####.#..........##.#
..#.#.#.# #.# #.#..........##†#
..#.#.### #.# #.#..........#...
..#.#.# #.# #................
..###.# #.##########........##
†.+...# #..........'........##
..###.# ############..........
..###.# #..5@{............###
......# #.#######.#†......#
......# *,######..#.......#
......# *,#...............#
.#....# *****.#.##≈≈.≈†##.....###
.#....# *,,,,...##≈≈.≈≈##........
.###### *,,,,...≈≈.≈...≈≈........
.#######*,,,,...≈≈.....≈≈.##.....
.......#*,,,,..........≈≈.....>..


You could see a crimson imp.

Vanquished Creatures
  A crimson imp (D:3)
  Jessica (D:2)
  3 adders (D:2)
  An ooze (D:2)
  2 worms
  A dart slug (D:1)
  3 orcs (D:3)
  4 ball pythons
  6 giant cockroaches
  5 goblins
  4 hobgoblins
  8 jackals
  4 kobolds
  2 quokkas
  5 bats
  3 frilled lizards
  5 rats
58 creatures vanquished.

Notes
Turn   | Place    | Note
-------+----------+-------------------------------------------
     0 | D:1      | Jerej03 the Demonspawn Ice Elementalist began the quest for
                  | the Orb.
     0 | D:1      | Reached XP level 1. HP: 13/13 MP: 3/3
   124 | D:1      | Gained mutation: You have a pair of small antennae on your
                  | head. [demonic ancestry]
   124 | D:1      | Reached XP level 2. HP: 10/19 MP: 1/5
   170 | D:1      | Reached skill level 4 in Ice Magic
   765 | D:2      | Reached skill level 1 in Armour
   765 | D:2      | Gained mutation: You are immune to rotting. [demonic
                  | ancestry]
   765 | D:2      | Reached XP level 3. HP: 19/24 MP: 1/6
   905 | D:2      | Reached XP level 4. HP: 25/30 MP: 3/7
   920 | D:2      | Noticed Jessica
   928 | D:2      | Learned a level 4 spell: Hailstorm
   931 | D:2      | Killed Jessica
  1924 | D:3      | Found an ornate altar of the Wu Jian Council.
  1986 | D:3      | Gained mutation: You may emit foul miasma when damaged in
                  | melee. [demonic ancestry]
  1986 | D:3      | Reached XP level 5. HP: 29/35 MP: 5/9
  2027 | D:3      | Noticed Natasha
  2055 | D:3      | Slain by Natasha

Levels and vault maps discovered:
D:1:      dpeg_arrival_windows_large_door, layout_basic, minmay_misc_feat_iff,
          glass_columns_c
D:2:      layout_rooms, uniq_jessica
D:3:      layout_basic, lemuel_crystal_altar, cheibrodos_sewer_entry_sluice,
          first_ration, uniq_natasha

Skill      XL: |  1  2  3  4 |
---------------+-------------+-----
Ice Magic      | 4 |  4.5
Armour         | 1 |  1.6
Dodging        | 2 |  2.1
Spellcasting   | 3 |  3.0
Fighting       | |  0.2
Short Blades   | |  0.8
Axes           | |  0.7
Stealth        | |  1.8

Action                   |  1- 3 |  4- 6 || total
-------------------------+-------+-------++-------
Melee: Dagger            |     5 |       ||     5
       Short sword       |    42 |    41 ||    83
       War axe           |       |    30 ||    30
 Cast: Freeze            |    38 |    28 ||    66
  Use: Scroll            |     8 |     3 ||    11
       Potion            |     2 |       ||     2
  Eat: Chunk             |       |     2 ||     2
       Ration            |       |     1 ||     1
Armor: Ring mail         |    36 |    73 ||   109
Dodge: Dodged            |    50 |    77 ||   127

Table legend:
 A = Non-vault XP
 B = Vault XP
 C = Vault XP percentage of total XP
 D = Non-vault monster count
 E = Vault monster count
 F = Vault count percentage of total count
                 A         B        C        D         E       F
            +---------+---------+-------+---------+---------+-------
      Total |     190 |      43 |  18.5 |      55 |       3 |   5.2
            +---------+---------+-------+---------+---------+-------
        D:1 |      37 |       0 |   0.0 |      21 |       0 |   0.0
        D:2 |      80 |      37 |  31.6 |      22 |       1 |   4.3
        D:3 |      73 |       6 |   7.6 |      12 |       2 |  14.3
            +---------+---------+-------+---------+---------+-------
